 Dungeon Crawl Stone Soup version 0.30.1-11-g7821555f0a (webtiles) character file.

Game seed: 11159555935983851422

42 lonewolfV2 the Shield-Bearer (level 3, -1/45 HPs)
             Began as a Formicid Fighter on Dec 5, 2023.
             Succumbed to Sigmund's poison
             ... on level 2 of the Dungeon.
             The game lasted 00:04:02 (1365 turns).

lonewolfV2 the Shield-Bearer (Formicid Fighter)     Turns: 1365, Time: 00:04:03

Health: -1/45      AC: 21    Str: 26    XL:     3   Next: 77%
Magic:  1/3        EV:  2    Int:  7    God:
Gold:   55         SH:  6    Dex: 19    Spells: 2/2 levels left

rFire   . . .        a - +0 war axe
rCold   + . .        c - +0 buckler
rNeg    . . .        b - melded +0 scale mail
rPois   +            (helmet unavailable)
rElec   .            (cloak currently unavailable)
rCorr   .            (gloves currently unavailable)
SInv    .            (boots currently unavailable)
Will    .....        g - amulet of guardian spirit
Stlth   +            f - ring of the Moon {rC+ Str+4 Dex+6 Stlth-}
HPRegen 0.27/turn    (no ring)
MPRegen 0.08/turn

%: guardian spirit
@: mighty, lethally poisoned (-1 -> -8), tree-form
A: stationary, stasis, torment immunity, boosted hp, permanent stasis, dig
shafts and tunnels, (antennae 3), four strong arms, (iridescent scales 1), wild
magic 1
a: no special abilities


You were on level 2 of the Dungeon.
You were a tree.
You visited 1 branch of the dungeon, and saw 2 of its levels.

You collected 55 gold pieces.

Inventory:

Hand Weapons
 a - a +0 war axe (weapon)
Armour
 b - a +0 scale mail (melded)
 c - a +0 buckler (worn)
Jewellery
 f - the ring of the Moon (left branch) {rC+ Str+4 Dex+6 Stlth-}
   (You acquired it on level 1 of the Dungeon)

   [ring of dexterity]

   Str:       It affects your strength (+4).
   Dex:       It affects your dexterity (+6).
   rC:        It protects you from cold.
   Stlth:     It makes you less stealthy.
 g - an amulet of guardian spirit (around neck)
Scrolls
 h - a scroll of fear {unknown}
 j - a scroll of poison
 k - a scroll of vulnerability {unknown}
 o - 2 scrolls of identify {unknown}


   Skills:
 + Level 4.1 Fighting
 + Level 2.9 Axes
 - Level 3.4 Armour
 - Level 4.1 Shields


You had 2 spell levels left.
You didn't know any spells.
Your spell library was empty.

Dungeon Overview and Level Annotations

Branches:
Dungeon (2/15)

Altars:

Annotations:
D:2 Sigmund


Innate Abilities, Weirdness & Mutations

You are a tree.
Your roots penetrate the ground, keeping you stationary.
You cannot be teleported.
You are immune to unholy pain and torment.
Your maximum health is greatly increased.
Your equipment is partially melded.
You cannot be hasted, slowed, berserked, paralysed or teleported.
You can dig through walls and to a lower floor.
((You have a pair of large antennae on your head. (SInv)))
Your four strong arms can wield two-handed weapons with a shield.
((You are partially covered in iridescent scales. (AC +2)))
Your spells are a little harder to cast, but a little more powerful.


Message History

There is a strange disturbance nearby!
There is a strange disturbance nearby!
There is a strange disturbance nearby!
There is a strange disturbance nearby!
There is a strange disturbance nearby!
You hear some strange, mumbled words.
You are confused.
You hear some strange, mumbled words.
A puff of flame appears from out of thin air!
The puff of flame hits you but does no damage.
Something hits you but does no damage. Something hits you but does no damage.
Something hits you but does no damage.
You feel less confused. Something hits you but does no damage.
Something hits you but does no damage. Something hits you but does no damage.
Something hits you but does no damage. Something hits you!
You are poisoned.
You feel sick.
You feel sick. Something hits you but does no damage.
You feel sick. Something hits you.
* * * LOW HITPOINT WARNING * * *
You are lethally poisoned!
You cannot move.
You cannot move.
You cannot move.
You cannot move.
You cannot move.
You aren't carrying any potions.
Okay, then.
* * * LOW HITPOINT WARNING * * *
You feel very sick.
* * * LOW HITPOINT WARNING * * *
You feel very sick.
You hear some strange, mumbled words.
A puff of flame appears from out of thin air!
The puff of flame hits you but does no damage.
You die...

#.......#######
........# #.###
........# ....#
####.#### #...# ##.##
##...## #...# .....
#...# # ...# #...#
#.###{.###
###...######....♣...#
<.........#####..##.#
..÷...............#
..).......#####..##
#......#### #.....
#.#.÷..# ###.###
#.#....# .# #.#....#
.#
#......##########.#


There were no monsters in sight!

Vanquished Creatures
  3 dart slugs
  4 bats
  5 endoplasms
  8 goblins
  A hobgoblin (D:1)
  A jackal (D:1)
  4 kobolds
  2 ball pythons (D:1)
  A frilled lizard (D:1)
  3 rats
32 creatures vanquished.

Notes
Turn   | Place    | Note
-------+----------+-------------------------------------------
     0 | D:1      | lonewolfV2 the Formicid Fighter began the quest for the
                  | Orb.
     0 | D:1      | Reached XP level 1. HP: 18/18 MP: 1/1
    74 | D:1      | Reached XP level 2. HP: 24/24 MP: 2/2
   673 | D:1      | Reached XP level 3. HP: 19/30 MP: 3/3
   882 | D:1      | Identified a scroll of acquirement
   882 | D:1      | Acquired the ring of the Moon {rC+ Str+4 Dex+6 Stlth-}
  1332 | D:2      | Noticed Sigmund
  1341 | D:2      | Gained mutation: Your spells are a little harder to cast,
                  | but a little more powerful. [potion of mutation]
  1341 | D:2      | Gained mutation: You are partially covered in iridescent
                  | scales. (AC +2) [potion of mutation]
  1364 | D:2      | HP: 1/45 [poisoned by Sigmund]
  1365 | D:2      | Succumbed to Sigmund's poison

Illustrated notes

Levels and vault maps discovered:
D:1:      dpeg_arrival_tiny_c, layout_loops_ring, nicolae_hexahallways,
          minmay_tall_x
D:2:      layout_loops_cross, serial_shops, shop, uniq_sigmund

Skill      XL: |  1  2  3 |
---------------+----------+-----
Fighting       | 4 |  4.1
Axes           | |  2.9
Armour         | |  3.4
Shields        | |  4.1

Action                     || total
---------------------------++-------
  Melee: War axe           ||    80
    Use: Potion            ||     6
         Scroll            ||     4
 Armour: Scale mail        ||    44
         Skin              ||    14
  Dodge: Dodged            ||    34
  Block: Buckler           ||    32
